 Dungeon Crawl Stone Soup version 0.23-a0-375-g66a18ee0fb (webtiles) character file.

1718 LostNumber the Covert (level 9, 0/57 HPs)
             Began as a Kobold Assassin on Oct 26, 2018.
             Was a Follower of Trog.
             Killed by divine providence
             ... invoked by an orc priest
              (14 damage)
             ... on level 6 of the Dungeon.
             The game lasted 00:12:20 (8031 turns).

LostNumber the Covert (Kobold Assassin)             Turns: 8031, Time: 00:12:21

Health: 0/57       AC:  6    Str: 11    XL:     9   Next: 24%
Magic:  9/9        EV: 12    Int: 12    God:    Trog [*.....]
Gold:   307        SH:  0    Dex: 17    Spells: 8/8 levels left

rFire    . . .     SeeInvis .   a - +1 dagger (venom)
rCold    . . .     Gourm    .   (shield restricted)
rNeg     . . .     Faith    .   u - +0 ring mail
rPois    .         Spirit   .   (no helmet)
rElec    .         Reflect  .   d - +0 cloak
rCorr    .         Harm     .   (no gloves)
MR       .....                  (no boots)
Stlth    ++++......             (no amulet)
HPRegen  0.19/turn              (no ring)
MPRegen  0.11/turn              (no ring)

@: berserk cooldown
A: small, carnivore
a: Berserk, Renounce Religion


You were on level 6 of the Dungeon.
You worshipped Trog.
Trog was aware of your devotion.
You were completely stuffed.

You visited 1 branch of the dungeon, and saw 6 of its levels.
You also visited: Sewer.

You collected 307 gold pieces.

Inventory:

Hand Weapons
 a - a +1 dagger of venom (weapon)
 b - a +0 blowgun
 k - a +2 dagger
 q - a +2 dagger of draining
 C - a +4 flail
Missiles
 e - 27 poisoned needles
 f - 2 curare-tipped needles
Armour
 c - a +0 robe
 d - a +0 cloak (worn)
 j - a +0 chain mail
 u - a +0 ring mail (worn)
Wands
 w - a wand of polymorph (32)
Scrolls
 i - 10 scrolls of identify {unknown}
 l - 2 scrolls of teleportation {unknown}
 p - 2 scrolls of remove curse {unknown}
 r - 5 scrolls of enchant weapon {unknown}
 s - a scroll of random uselessness {unknown}
 v - a scroll of magic mapping {unknown}
 y - 3 scrolls of fear {unknown}
 B - a scroll of noise {unknown}
Potions
 h - 2 potions of might
 m - 2 potions of haste {unknown}
 n - a potion of brilliance {unknown}
 o - 5 potions of curing
 t - 2 potions of heal wounds {unknown}
 x - a potion of degeneration {unknown}
 z - a potion of agility {unknown}
 A - a potion of invisibility {unknown}
Comestibles
 g - 13 rations
 D - 2 chunks of flesh


   Skills:
 + Level 7.4 Fighting
 + Level 8.9 Short Blades
 - Level 2.1 Throwing
 - Level 1.2 Dodging
 + Level 10.5 Stealth


You had 8 spell levels left.
You didn't know any spells.
Your spell library was empty.

Dungeon Overview and Level Annotations

Branches:
Dungeon (6/15)             Temple (0/1) D:6

Altars:
Trog
The Shining One
Beogh

Annotations:
D:5 3 runed doors, Yermak's ghost, amateur DgSk


Innate Abilities, Weirdness & Mutations

You are small and have problems with some larger weapons.
You are carnivorous and can eat meat at any time.


Message History

No target in view!
No target in view!
No target in view!
Found a +0 hand axe.
Found a ration.
The orc priest shouts!
The orc warrior hits you with a +0 hand axe.
The orc warrior hits you with a +0 hand axe!
You barely miss the orc warrior.
The orc warrior hits you with a +0 hand axe!
You are too injured to fight recklessly!
You feel yourself speed up.
The orc priest miscasts a cantrip.
Okay, then.
The orc priest calls down the wrath of Beogh upon you.
Beogh smites you!
* * * LOW HITPOINT WARNING * * *
The orc priest mumbles some strange prayers to Beogh against you.
Beogh smites you!
You die...

............⌠......
........o.#.#'##########
5o.........#..............
...%.....#o)............##
.........#................
.........#...÷..........###
........##....)......%.....
........##....)....%......%
........##@..).............
...... #........../%.....
.....##.#####.......%...
#....# #..%.......% ##(..#
####........ #...#
####.#### ###..# #.....
###....#### ####.####
#[(...>...###... ..#


You could see an orc priest.

Vanquished Creatures
  A hornet (D:6)
  Sigmund (D:4)
  An ogre (D:3)
  2 phantoms (D:6)
  A crocodile (Sewer)
  2 bullfrogs (D:6)
  2 crimson imps
  A hound (D:6)
  A quasit (D:5)
  6 orc priests
  A bullfrog skeleton (D:5)
  3 iguanas
  5 orc wizards
  A gnoll shaman (D:4)
  3 worker ants (D:4)
  5 gnolls
  7 adders
  A shadow imp (D:6)
  4 worms
  2 dart slugs (D:2)
  5 leopard geckos
  24 orcs
  4 giant cockroaches
  4 goblins
  8 hobgoblins
  6 jackals
  10 kobolds
  5 quokkas
  7 bats
  2 frilled lizards (D:1)
  A leopard gecko zombie (D:2)
  4 rats
130 creatures vanquished.

Notes
Turn   | Place    | Note
-------+----------+-------------------------------------------
     0 | D:1      | LostNumber the Kobold Assassin began the quest for the Orb.
     0 | D:1      | Reached XP level 1. HP: 12/12 MP: 1/1
   166 | D:1      | Reached XP level 2. HP: 18/18 MP: 2/2
   527 | D:2      | Reached XP level 3. HP: 22/22 MP: 3/3
   617 | D:2      | Reached skill level 6 in Stealth
   702 | D:2      | Reached XP level 4. HP: 28/28 MP: 4/4
  1421 | D:2      | Reached XP level 5. HP: 32/32 MP: 5/5
  1506 | D:3      | HP: 1/32 [poisoned by an adder]
  2411 | D:3      | Found a glowing golden altar of the Shining One.
  2457 | D:3      | Found a bloodstained altar of Trog.
  2467 | D:3      | Noticed an ogre
  2473 | D:3      | Became a worshipper of Trog the Wrathful
  3029 | D:3      | Killed an ogre
  3029 | D:3      | Reached skill level 5 in Short Blades
  3029 | D:3      | Reached skill level 7 in Stealth
  3029 | D:3      | Reached XP level 6. HP: 39/39 MP: 6/6
  3247 | D:4      | Noticed a phantom
  4187 | D:4      | Noticed Sigmund
  4295 | D:3      | Reached XP level 7. HP: 42/44 MP: 7/7
  5082 | D:4      | Reached skill level 5 in Fighting
  5084 | D:4      | Reached skill level 8 in Stealth
  5929 | D:5      | Entered Level 5 of the Dungeon
  6490 | D:5      | Reached XP level 8. HP: 50/50 MP: 8/8
  6560 | D:5      | Found a runed gate.
  6561 | D:5      | Found a runed gate.
  6562 | D:5      | Found a runed gate.
  6564 | D:5      | Noticed Yermak's ghost (amateur DgSk)
  6572 | D:5      | Found a roughly hewn altar of Beogh.
  6615 | D:6      | Found a glowing drain.
  6637 | Sewer    | Entered a sewer
  6646 | Sewer    | Reached * piety under Trog
  6902 | D:6      | Reached skill level 9 in Stealth
  7356 | D:4      | Killed Sigmund
  7433 | D:6      | Noticed a hornet
  7443 | D:6      | Killed a hornet
  7531 | D:6      | Reached skill level 10 in Stealth
  7651 | D:6      | Reached XP level 9. HP: 53/56 MP: 9/9
  7989 | D:6      | Found a staircase to the Ecumenical Temple.
  8031 | D:6      | Killed from afar by an orc priest

Vault maps used:
D:1:      dpeg_arrival_pits, corexii_leaking_fountain
D:3:      bloody_trog, serial_bayou_pond_c, nrook_uturn, tso_metal_star
D:4:      minmay_misc_feat_diagonals, st_stairs_1, uniq_sigmund
D:5:      biasface_ghost_orc_armoury, first_ration
D:6:      temple_fountains, cheibrodos_sewer_entry_drain, nicolae_wand_duel,
          kennysheep_donut
Sewer:    sewer_the_crocodile

Skill      XL: |  1  2  3  4  5  6  7  8  9 |
---------------+----------------------------+-----
Short Blades   | 3 4 5 6 8 |  8.9
Fighting       | 3 4 5 6 7 |  7.4
Stealth        | 6 7 8 10 | 10.5
Throwing       | |  2.1
Dodging        | |  1.2

Action                   |  1- 3 |  4- 6 |  7- 9 || total
-------------------------+-------+-------+-------++-------
Melee: Dagger            |    64 |   178 |   291 ||   533
       Flail             |       |       |    20 ||    20
 Fire: Blowgun           |       |    16 |       ||    16
Invok: Berserk           |       |       |     5 ||     5
  Use: Potion            |       |     2 |       ||     2
 Stab: Sleeping          |     9 |     7 |     6 ||    22
       Distracted        |       |     1 |     1 ||     2
  Eat: Chunk             |     8 |    11 |    17 ||    36
Armor: Robe              |    18 |    30 |     6 ||    54
       Ring mail         |       |       |    49 ||    49
Dodge: Dodged            |    45 |   113 |   150 ||   308

Table legend:
 A = Non-vault XP
 B = Vault XP
 C = Vault XP percentage of total XP
 D = Non-vault monster count
 E = Vault monster count
 F = Vault count percentage of total count
                 A         B        C        D         E       F
            +---------+---------+-------+---------+---------+-------
      Total |    2108 |     347 |  14.1 |     120 |      10 |   7.7
            +---------+---------+-------+---------+---------+-------
        D:1 |      22 |       0 |   0.0 |      14 |       0 |   0.0
        D:2 |     126 |       0 |   0.0 |      28 |       0 |   0.0
        D:3 |     311 |       0 |   0.0 |      28 |       0 |   0.0
        D:4 |     383 |     223 |  36.8 |      21 |       2 |   8.7
        D:5 |     219 |       0 |   0.0 |       8 |       0 |   0.0
        D:6 |    1047 |       7 |   0.7 |      21 |       2 |   8.7
      Sewer |       0 |     117 | 100.0 |       0 |       6 | 100.0
            +---------+---------+-------+---------+---------+-------
